 Dungeon Sprint DCSS version 0.24-a0-520-g8fd06ad0bc (webtiles) character file.

Game seed: 9863313136399229674

515961 Boma the Intangible (level 19, 189/189 HPs)
             Began as a Vampire Assassin on July 24, 2019.
             Was the Champion of Wu Jian.
             Escaped with the Orb!
             The game lasted 01:44:03 (3734 turns).

Boma the Intangible (Vampire Assassin)              Turns: 3734, Time: 01:44:04

Health: 189/189    AC: 29    Str: 13    XL:     19   Next: 92%
Magic:  36/36      EV: 40    Int: 14    God:    Wu Jian [******]
Gold:   0          SH:  0    Dex: 26    Spells: 18/18 levels left

rFire    . . .     SeeInvis +   X - +12 Vampire's Tooth {vamp}
rCold    + + .     Gourm    .   (no shield)
rNeg     + . .     Faith    .   B - quicksilver dragon scales
rPois    +         Spirit   .   T - +0 hat of Objectivity {rPois}
rElec    +         Reflect  .   y - +0 cloak {+Inv}
rCorr    .         Harm     .   a - +2 pair of gloves {Str+3}
MR       +++..     NoTele   +   d - +1 pair of boots of Prudence {rElec rC+ rN+}
Stlth    +++.......             P - amulet of regeneration
HPRegen  1.01/turn              e - ring "Giru" {rC+ MR+ Dex+3}
MPRegen  0.25/turn              w - +5 ring of evasion

@: regenerating quickly
A: no food, fangs 3, see invisible, unbreathing
0: Orb of Zot
a: Exsanguinate, Wall Jump, Serpent's Lash, Heavenly Storm, Renounce Religion,
Evoke Invisibility


You escaped.
You worshipped Wu Jian.
Wu Jian was exalted by your worship.
You were alive.

You visited 1 branch

Inventory:

Hand Weapons
 H - the +7 Singing Sword {slice, sonic wave}
   (You found it in the Dungeon)

   It inflicts extra damage upon your enemies.
 I - the +11 plutonium sword {*Contam Stlth-}
   (You found it in the Dungeon)

   It causes magical contamination when unequipped.
   It makes you less stealthy.
 K - a +5 quick blade of electrocution
 U - the +8 arc blade {discharge, rElec}
   (You found it in the Dungeon)

   It insulates you from electricity.
 X - the +12 Vampire's Tooth (weapon) {vamp}
   (You found it in the Dungeon)

   It inflicts no extra harm, but heals its wielder when it wounds a living foe.
Armour
 a - a +2 pair of gloves of strength (worn)
 c - the +6 scale mail "Zinkaq" {rElec rF- MR++ Regen+}
   (You found it in the Dungeon)

   It makes you vulnerable to fire.
   It insulates you from electricity.
   It affects your resistance to hostile enchantments.
   It increases your rate of regeneration.
 d - the +1 pair of boots of Prudence (worn) {rElec rC+ rN+}
   (You found it in the Dungeon)

   It protects you from cold.
   It insulates you from electricity.
   It protects you from negative energy.
 y - a +0 cloak of invisibility (worn)
 B - quicksilver dragon scales (worn)
 M - +5 gold dragon scales
 N - the +3 fire dragon scales of the Greedy {rF++ rC- rN+ MR++}
   (You found it in the Dungeon)

   It greatly protects you from fire.
   It makes you vulnerable to cold.
   It protects you from negative energy.
   It affects your resistance to hostile enchantments.
 S - the +1 ring mail of the Tuna {rC+ Slay+6}
   (You found it in the Dungeon)

   It affects your accuracy and damage with ranged weapons and melee attacks
   (+6).
   It protects you from cold.
 T - the +0 hat of Objectivity (worn) {rPois}
   (You found it in the Dungeon)

   It protects you from poison.
 V - the +8 chain mail of Xacwypto {+Inv Regen+}
   (You found it in the Dungeon)

   It lets you turn invisible.
   It increases your rate of regeneration.
 Y - a scarf of repulsion
Jewellery
 e - the ring "Giru" (left hand) {rC+ MR+ Dex+3}
   (You found it in the Dungeon)

   [ring of protection from magic]

   It affects your dexterity (+3).
   It protects you from cold.
   It affects your resistance to hostile enchantments.
 h - the ring "Zigaa" {rPois rC+ rN+ MP+9 Dex+3}
   (You took it off a draconian scorcher in the Dungeon)

   [ring of positive energy]

   It affects your dexterity (+3).
   It protects you from cold.
   It protects you from poison.
   It protects you from negative energy.
   It affects your magic capacity (+9).
 w - a +5 ring of evasion (right hand)
 x - a +6 ring of dexterity
 A - a +4 amulet of reflection
 C - a +6 ring of strength
 J - an uncursed ring of magical power
 L - the amulet "Odinn" {Reflect -Tele Dex+2 SH+3 Stlth+}
   (You found it in the Dungeon)

   [amulet of reflection]

   It shields you and reflects attacks.
   It affects your dexterity (+2).
   It prevents most forms of teleportation.
   It affects your SH (+3).
   It makes you more stealthy.
 O - a +6 ring of protection
 P - an amulet of regeneration (around neck)
 Q - the ring "Xabuaf" {MP-9 Str+4 Int+5 Stlth-}
   (You found it in the Dungeon)

   [ring of attention]

   It affects your strength (+4).
   It affects your intelligence (+5).
   It affects your magic capacity (-9).
   It makes you less stealthy.
 Z - the ring "Leefi Aful" {+Inv MR+ Stlth-}
   (You found it in the Dungeon)

   [ring of attention]

   It affects your resistance to hostile enchantments.
   It lets you turn invisible.
   It makes you less stealthy.
Wands
 D - a wand of disintegration (7)
 E - a wand of iceblast (7)
 F - a wand of acid (7)
Scrolls
 k - 3 scrolls of blinking
 r - 4 scrolls of amnesia
 s - 7 scrolls of fog
 t - 5 scrolls of identify
 u - 4 scrolls of remove curse
 v - 2 scrolls of fear
Potions
 f - 7 potions of curing
 g - 21 potions of heal wounds
 i - 7 potions of magic
 j - 3 potions of berserk rage
 l - 2 potions of brilliance
 m - a potion of invisibility
 n - 3 potions of resistance
 p - 2 potions of agility
 q - 4 potions of might
Miscellaneous
 b - a lamp of fire
 o - a fan of gales
 z - 6 boxes of beasts
 G - a lightning rod (4/4)
 R - 9 sacks of spiders
 W - 8 phantom mirrors


   Skills:
 O Level 27 Fighting
 + Level 12.5(22.5) Short Blades
 O Level 27 Long Blades
 - Level 1.5 Throwing
 O Level 27 Armour
 O Level 27 Dodging
 + Level 25.0 Stealth
 - Level 14.3 Unarmed Combat
 O Level 27 Evocations


You had 18 spell levels left.
You didn't know any spells.
Your spell library contained the following spells:

 Spells                   Type           Power        Failure   Level  Hunger
 Animate Skeleton         Necr           N/A          36%         1    N/A
 Apportation              Tloc           #.....       36%         1    N/A
 Beastly Appendage        Tmut           #.....       36%         1    N/A
 Confusing Touch          Hex            #.....       36%         1    N/A
 Corona                   Hex            #......      36%         1    N/A
 Flame Tongue             Conj/Fire      #....        36%         1    N/A
 Freeze                   Ice            #...         36%         1    N/A
 Infusion                 Chrm           #...         36%         1    N/A
 Magic Dart               Conj           #...         36%         1    N/A
 Pain                     Necr           #...         36%         1    N/A
 Sandblast                Erth           #.....       36%         1    N/A
 Shock                    Conj/Air       #...         36%         1    N/A
 Sting                    Conj/Pois      #...         36%         1    N/A
 Summon Butterflies       Summ           #.......     36%         1    N/A
 Summon Small Mammal      Summ           #...         36%         1    N/A
 Blink                    Tloc           N/A          52%         2    N/A
 Call Imp                 Summ           #.......     52%         2    N/A
 Corpse Rot               Necr           N/A          52%         2    N/A
 Ensorcelled Hibernation  Hex/Ice        #.....       52%         2    N/A
 Passwall                 Tmut/Erth      #.......     52%         2    N/A
 Poisonous Vapours        Pois/Air       #.....       52%         2    N/A
 Searing Ray              Conj           #.....       52%         2    N/A
 Shroud of Golubria       Chrm/Tloc      #.....       52%         2    N/A
 Slow                     Hex            #.......     52%         2    N/A
 Song of Slaying          Chrm           #.......     52%         2    N/A
 Sticks to Snakes         Tmut           #.......     52%         2    N/A
 Sublimation of Blood     Necr           #.........   52%         2    N/A
 Swiftness                Chrm/Air       #.......     52%         2    N/A
 Throw Flame              Conj/Fire      #.....       52%         2    N/A
 Throw Frost              Conj/Ice       #.....       52%         2    N/A
 Call Canine Familiar     Summ           #.......     75%         3    N/A
 Confuse                  Hex            #.......     75%         3    N/A
 Conjure Flame            Conj/Fire      #.......     75%         3    N/A
 Dazzling Spray           Conj/Hex       #.....       75%         3    N/A
 Gell's Gravitas          Tloc           #.........   75%         3    N/A
 Ignite Poison            Fire/Tmut/Pois #.......     75%         3    N/A
 Inner Flame              Hex/Fire       #.......     75%         3    N/A
 Lesser Beckoning         Tloc           #.........   75%         3    N/A
 Mephitic Cloud           Conj/Pois/Air  #.......     75%         3    N/A
 Ozocubu's Armour         Chrm/Ice       #.......     75%         3    N/A
 Portal Projectile        Hex/Tloc       #.....       75%         3    N/A
 Recall                   Summ/Tloc      N/A          75%         3    N/A
 Regeneration             Chrm/Necr      #.........   75%         3    N/A
 Spectral Weapon          Hex/Chrm       #.......     75%         3    N/A
 Spider Form              Tmut/Pois      #.........   75%         3    N/A
 Static Discharge         Conj/Air       #.......     75%         3    N/A
 Stone Arrow              Conj/Erth      #.....       75%         3    N/A
 Summon Guardian Golem    Hex/Summ       #.......     75%         3    N/A
 Teleport Other           Tloc           #.......     75%         3    N/A
 Tukima's Dance           Hex            #.......     75%         3    N/A
 Vampiric Draining        Necr           #.........   75%         3    N/A
 Airstrike                Air            #.........   98%         4    N/A
 Animate Dead             Necr           N/A          98%         4    N/A
 Cause Fear               Hex            #.........   98%         4    N/A
 Force Lance              Conj/Tloc      #.......     98%         4    N/A
 Fulminant Prism          Conj/Hex       #.........   98%         4    N/A
 Ice Form                 Ice/Tmut       #.......     98%         4    N/A
 Iskenderun's Mystic Bla  Conj           #.......     98%         4    N/A
 Leda's Liquefaction      Hex/Erth       #.........   98%         4    N/A
 Olgreb's Toxic Radiance  Pois           #.......     98%         4    N/A
 Petrify                  Tmut/Erth      #.......     98%         4    N/A
 Sticky Flame             Conj/Fire      #.......     98%         4    N/A
 Summon Ice Beast         Ice/Summ       #.......     98%         4    N/A
 Summon Lightning Spire   Summ/Air       #.......     98%         4    N/A
 Alistair's Intoxication  Tmut/Pois      #.......     100%        5    N/A
 Aura of Abjuration       Summ           #.........   100%        5    N/A
 Blade Hands              Tmut           #.........   100%        5    N/A
 Bolt of Draining         Conj/Necr      #.........   100%        5    N/A
 Bolt of Magma            Conj/Fire/Erth #.........   100%        5    N/A
 Borgnjor's Vile Clutch   Necr/Erth      #.........   100%        5    N/A
 Fireball                 Conj/Fire      #.........   100%        5    N/A
 Irradiate                Conj/Tmut      #.........   100%        5    N/A
 Iskenderun's Battlesphe  Conj/Chrm      #.......     100%        5    N/A
 Lee's Rapid Deconstruct  Erth           #.........   100%        5    N/A
 Lightning Bolt           Conj/Air       #.........   100%        5    N/A
 Metabolic Englaciation   Hex/Ice        #.........   100%        5    N/A
 Silence                  Hex/Air        #.........   100%        5    N/A
 Summon Demon             Summ           #.........   100%        5    N/A
 Summon Forest            Summ/Tloc      #.........   100%        5    N/A
 Summon Mana Viper        Hex/Summ       #.......     100%        5    N/A
 Venom Bolt               Conj/Pois      #.........   100%        5    N/A
 Yara's Violent Unravell  Hex/Tmut       #.........   100%        5    N/A
 Bolt of Cold             Conj/Ice       #.........   100%        6    N/A
 Bolt of Fire             Conj/Fire      #.........   100%        6    N/A
 Conjure Ball Lightning   Conj/Air       #.........   100%        6    N/A
 Darkness                 Hex            #.........   100%        6    N/A
 Death Channel            Necr           #.........   100%        6    N/A
 Deflect Missiles         Chrm/Air       #.........   100%        6    N/A
 Freezing Cloud           Conj/Ice/Air   #.........   100%        6    N/A
 Hydra Form               Tmut           #.........   100%        6    N/A
 Invisibility             Hex            #.......     100%        6    N/A
 Iron Shot                Conj/Erth      #.........   100%        6    N/A
 Ozocubu's Refrigeration  Ice            #.........   100%        6    N/A
 Poison Arrow             Conj/Pois      #.........   100%        6    N/A
 Shadow Creatures         Summ           N/A          100%        6    N/A
 Simulacrum               Ice/Necr       #.........   100%        6    N/A
 Statue Form              Tmut/Erth      #........    100%        6    N/A
 Dragon Form              Tmut           #.........   100%        7    N/A
 Haunt                    Necr/Summ      #.........   100%        7    N/A
 Malign Gateway           Summ/Tloc      #.........   100%        7    N/A
 Monstrous Menagerie      Summ           #.........   100%        7    N/A
 Orb of Destruction       Conj           #.........   100%        7    N/A
 Ring of Flames           Chrm/Fire      #.........   100%        7    N/A
 Spellforged Servitor     Conj/Summ      #.........   100%        7    N/A
 Summon Greater Demon     Summ           #.........   100%        7    N/A
 Summon Hydra             Summ           #.........   100%        7    N/A
 Chain Lightning          Conj/Air       #.........   100%        8    N/A
 Controlled Blink         Tloc           N/A          100%        8    N/A
 Discord                  Hex            #.........   100%        8    N/A
 Disjunction              Tloc           #.........   100%        8    N/A
 Ignition                 Fire           #.........   100%        8    N/A
 Infestation              Necr           #.........   100%        8    N/A
 Lehudib's Crystal Spear  Conj/Erth      #.........   100%        8    N/A
 Summon Horrible Things   Summ           #.........   100%        8    N/A
 Dragon's Call            Summ           #.........   100%        9    N/A
 Fire Storm               Conj/Fire      #.........   100%        9    N/A
 Glaciate                 Conj/Ice       #.........   100%        9    N/A
 Shatter                  Erth           #.........   100%        9    N/A
 Tornado                  Air            #.........   100%        9    N/A
 Passage of Golubria      Tloc           Unusable     N/A         4    N/A
 Borgnjor's Revivificati  Necr           Unusable     N/A         8    N/A
 Death's Door             Chrm/Necr      Unusable     N/A         8    N/A
 Necromutation            Tmut/Necr      Unusable     N/A         8    N/A

Dungeon Overview and Level Annotations

Branches:
Dungeon (1/1)

Altars:
Ashenzari
Cheibriados
Dithmenos
Elyvilon
Fedhas
Gozag
Hepliaklqana
Kikubaaqudgha
Makhleb
Nemelex Xobeh
Okawaru
Qazlal
Ru
Sif Muna
Trog
Uskayaw
Vehumet
Wu Jian
Xom
Yredelemnul
Zin
The Shining One
Beogh
Jiyva
Lugonu


Innate Abilities, Weirdness & Mutations

You do not eat.
Your natural rate of healing is unusually fast.
You have razor-sharp teeth.
You have supernaturally acute eyesight. (SInv)
You can survive without breathing.


Message History

You see here a +2 ring mail of poison resistance.
You see here a +2 flail of protection.
You see here a cursed staff of energy.
You see here a book of Transfigurations.
You see here a +0 long sword.
You see here a +0 short sword.
There is a transporter here.
An exit appears before you!
You enter the transporter and appear at another place.
Found the Orb of Zot.
You see here the Orb of Zot.
Found a staircase leading out of the dungeon.
There is a staircase leading out of the dungeon here.
You see here the Orb of Zot.
You pick up the Orb of Zot!
The Orb lets out a hideous shriek!
The lords of Pandemonium are not amused.
Beware!
Now all you have to do is get back out of the dungeon!
There is a staircase leading out of the dungeon here.
Okay, then.
You have escaped!

.....)......▓..▓.......▓..▓...8©8
....(.......▓.▓▓▓...).▓▓▓.▓...).)
...:†.(.....▓..▓.......▓..▓..[}.%
............▓.............▓..)).)
............▓......©......▓...)))
............▓▓▓▓▓▓▓▓▓▓▓▓▓▓▓.....)
...((.......▓8888888888888▓...)).
▓.......▓...▓8...........8▓..▓...
............▓8..@.....©..8▓.▓..%.
............▓8...........8▓....©.
....©.......▓8888888888888▓▓▓▓▓▓▓
▓▓▓▓▓▓▓▓▓▓▓▓▓▓▓▓▓▓▓▓▓▓▓▓▓▓▓▓▓▓▓▓▓
.....8©8........▓......(.8©8.....
:.||"[}).)|.})(.▓.||)=)=:([))|)))
.)[)|..}))[).|..▓.|[|.))[})))).)|
[.:}|..=)))))|).▓)[)[)))))))))).)
....(.))))))....▓.....).):)))))..


There were no monsters in sight!

Vanquished Creatures
  An ancient lich (D)
  2 shard shrikes (shapeshifter) (D)
  2 caustic shrikes (shapeshifter) (D)
  An iron giant (shapeshifter) (D)
  8 deep elf blademasters (D)
  3 titans (shapeshifter) (D)
  4 acid blobs (D)
  18 deep elf master archers (D)
  4 liches (D)
  5 quicksilver dragons (D)
  A shadow dragon (D)
  A storm dragon (shapeshifter) (D)
  A shadow dragon (shapeshifter) (D)
  2 azure jellies (D)
  2 draconian monks (D)
  An iron dragon (shapeshifter) (D)
  4 iron dragons (D)
  3 draconian knights (D)
  A draconian scorcher (D)
  15 deep elf sorcerers (D)
  4 orc warlords (D)
  An emperor scorpion (D)
  8 spriggan defenders (D)
  3 draconian shifters (D)
  3 draconian stormcallers (D)
  2 draconian annihilators (D)
  2 deep elf elementalists (D)
  An entropy weaver (D)
  An apis (D)
  2 stone giants (D)
  9 green draconians (D)
  2 vampire knights (D)
  7 red draconians (D)
  3 black draconians (D)
  A deep elf demonologist (D)
  11 deep elf annihilators (D)
  7 white draconians (D)
  2 dire elephants (D)
  A spark wasp (D)
  6 yellow draconians (D)
  12 purple draconians (D)
  A mummy priest (D)
  2 crystal guardians (D)
  A great orb of eyes (D)
  8 death oozes (D)
  12 deep elf high priests (D)
  A catoblepas (shapeshifter) (D)
  2 naga warriors (D)
  An alligator snapping turtle (shapeshifter) (D)
  2 two-headed ogres (shapeshifter) (D)
  2 anacondas (D)
  4 spriggan air magi (D)
  15 dancing weapons (D)
  2 satyrs (D)
  4 two-headed ogres (D)
  3 vampire magi (D)
  A death scarab (D)
  8 spriggan berserkers (D)
  2 orc high priests (D)
  2 soul eaters (D)
  8 deep elf knights (D)
  5 iron golems (D)
  3 spriggan druids (D)
  2 sea snakes (shapeshifter) (D)
  2 skeletal warriors (D)
  A swamp dragon (shapeshifter) (D)
  5 deep elf archers (D)
  7 necromancers (D)
  4 orb spiders (D)
  3 orc sorcerers (D)
  24 deep elf magi (D)
  A salamander (shapeshifter) (D)
  2 shining eyes (shapeshifter) (D)
  A cyclops (D)
  4 shining eyes (D)
  5 wolf spiders (D)
  A cyclops (shapeshifter) (D)
  A mana viper (shapeshifter) (D)
  An oklob plant (D)
  A manticore (shapeshifter) (D)
  3 guardian serpents (shapeshifter) (D)
  A black mamba (shapeshifter) (D)
  A naga mage (D)
  A black mamba (D)
  3 eyes of devastation (D)
  4 eyes of devastation (shapeshifter) (D)
  2 spiny frogs (D)
  2 gargoyles (D)
  2 komodo dragons (shapeshifter) (D)
  A freezing wraith (D)
  A guardian mummy (D)
  3 dryads (D)
  A demonic crawler (D)
  A yaktaur (shapeshifter) (D)
  A merfolk (shapeshifter) (D)
  2 trolls (D)
  A hornet (shapeshifter) (D)
  2 jumping spiders (D)
  3 hornets (D)
  A polar bear (shapeshifter) (D)
  3 wind drakes (D)
  15 slime creatures (D)
  2 dream sheep (shapeshifter) (D)
  A blink frog (shapeshifter) (D)
  2 snapping turtles (shapeshifter) (D)
  A hippogriff (shapeshifter) (D)
  3 redbacks (D)
  2 air elementals (D)
  3 vampires (D)
  A spriggan (shapeshifter) (D)
  8 shadows (D)
  2 tarantellas (D)
  7 water elementals (D)
  A yak (shapeshifter) (D)
  A fire elemental (D)
  3 golden eyes (D)
  A warg (D)
  A swamp worm (shapeshifter) (D)
  6 nagas (D)
  4 hell hounds (D)
  A water moccasin (D)
  8 orc warriors (D)
  3 porcupines (D)
  2 eyes of draining (D)
  8 ogres (D)
  2 crocodiles (D)
  2 bullfrogs (D)
  11 earth elementals (D)
  3 scorpions (D)
  6 wights (D)
  A quasit (D)
  5 jellies (D)
  2 orc priests (D)
  An orc wizard (D)
  4 mummies (D)
  An adder (D)
  An adder (shapeshifter) (D)
  2 shadow imps (D)
  A white imp (D)
  2 ufetubi (D)
  A spectral adder (D)
  5 adder skeletons (D)
  2 adder zombies (D)
  2 spectral bats (D)
  2 bat skeletons (D)
  3 bat zombies (D)
  A hobgoblin (shapeshifter) (D)
  A ball python (D)
  2 ball python skeletons (D)
  A ball python zombie (D)
  A giant cockroach zombie (D)
  2 jackal zombies (D)
  A leopard gecko skeleton (D)
  2 leopard gecko zombies (D)
  A quokka zombie (D)
  A spectral giant cockroach (D)
  A spectral leopard gecko (D)
  A spectral quokka (D)
  3 crawling corpses (D)
  A lurking horror (D)
524 creatures vanquished.

Vanquished Creatures (others)
  A draconian monk (D)
  A red draconian (D)
  A yellow draconian (D)
  A lurking horror (D)
4 creatures vanquished.

Grand Total: 528 creatures vanquished

Notes
Turn   | Place    | Note
-------+----------+-------------------------------------------
     0 | D        | Found the +6 Majin-Bo {vamp, Archmagi MP+6 Int+6}
     0 | D        | Found the +7 great mace "Firestarter" {inner flame, rF++}
     0 | D        | Boma the Vampire Assassin began the quest for the Orb.
     0 | D        | Reached XP level 1. HP: 16/16 MP: 1/1
     0 | D        | Found a deep blue altar of Sif Muna.
     0 | D        | Found a bloodstained altar of Trog.
     0 | D        | Found a sacrificial altar of Ru.
     0 | D        | Found a stormy altar of Qazlal.
     0 | D        | Found an iron altar of Okawaru.
     6 | D        | Became a worshipper of the Wu Jian Council
    12 | D        | Found a sparkling altar of Nemelex Xobeh.
    12 | D        | Found a blossoming altar of Fedhas.
    14 | D        | Found a transporter.
    14 | D        | Found an ancient bone altar of Kikubaaqudgha.
    14 | D        | Found a viscous altar of Jiyva.
    14 | D        | Found a corrupted altar of Lugonu.
    14 | D        | Found a hazy altar of Hepliaklqana.
    14 | D        | Found a burning altar of Makhleb.
    14 | D        | Found an opulent altar of Gozag.
    31 | D        | Found the +9 heavy crossbow "Sniper" {velocity, Acc+∞ SInv}
    31 | D        | Found the +10 dark maul {crush}
    31 | D        | Found the +15 Maxwell's patent armour {-Cast -Tele rElec
                  | MR+ rCorr}
    31 | D        | Found the +18 shield of the Gong {rElec rN+ MR+ EV-5}
    31 | D        | Found the cursed +14 obsidian axe {chop, +Fly SInv *Curse}
    32 | D        | Found the +6 shillelagh "Devastator" {shatter}
    32 | D        | Found the +11 plutonium sword {*Contam Stlth-}
    32 | D        | Found the +8 lance "Wyrmbane" {slay drac, rPois rF+ rC+
                  | AC+3}
    32 | D        | Found the +9 sword of Zonguldrok {reap}
    32 | D        | Found the cursed +13 scythe of Curses {drain, *Curse}
    32 | D        | Found the +0 sword of Power
    32 | D        | Found the +7 mace of Variability {chain chaos}
    32 | D        | Found the +7 Singing Sword {slice, sonic wave}
    32 | D        | Found the +8 storm bow {elec, penet}
    61 | D        | Reached XP level 2. HP: 22/22 MP: 2/2
    81 | D        | Entered arena 2.
    81 | D        | Noticed a mummy priest
    81 | D        | Found a transporter.
    83 | D        | Killed a mummy priest
    83 | D        | Reached XP level 3. HP: 28/28 MP: 3/3
    83 | D        | Reached XP level 4. HP: 34/34 MP: 4/4
    83 | D        | Reached XP level 5. HP: 38/38 MP: 5/5
    83 | D        | Reached XP level 6. HP: 44/44 MP: 6/6
    83 | D        | Reached XP level 7. HP: 48/48 MP: 7/7
    85 | D        | Reached * piety under Wu Jian
    87 | D        | Got the Papyrus of Atheism
    93 | D        | Entered arena 3.
    93 | D        | Noticed a slime creature
    93 | D        | Found a transporter.
    98 | D        | Killed a slime creature
    98 | D        | Reached XP level 8. HP: 54/54 MP: 8/8
   105 | D        | Entered arena 4.
   105 | D        | Noticed a jumping spider
   105 | D        | Found a transporter.
   108 | D        | Reached ** piety under Wu Jian
   109 | D        | Reached skill level 1 in Long Blades
   110 | D        | Killed a jumping spider
   118 | D        | Entered arena 5.
   118 | D        | Noticed a deep elf mage
   118 | D        | Noticed a deep elf mage
   118 | D        | Noticed a deep elf mage
   118 | D        | Noticed a guardian serpent
   118 | D        | Found a transporter.
   121 | D        | Killed a guardian serpent
   121 | D        | Reached *** piety under Wu Jian
   121 | D        | Reached skill level 10 in Dodging
   122 | D        | Killed a deep elf mage
   122 | D        | Reached skill level 5 in Long Blades
   122 | D        | Reached XP level 9. HP: 60/60 MP: 9/9
   122 | D        | Killed a deep elf mage
   122 | D        | Killed a deep elf mage
   122 | D        | Reached skill level 10 in Fighting
   129 | D        | Entered arena 6.
   129 | D        | Noticed a death scarab
   129 | D        | Noticed a guardian mummy
   129 | D        | Found a transporter.
   133 | D        | Killed a guardian mummy
   133 | D        | Reached **** piety under Wu Jian
   135 | D        | Killed a death scarab
   135 | D        | Reached ***** piety under Wu Jian
   135 | D        | Reached XP level 10. HP: 68/68 MP: 10/10
   146 | D        | Entered arena 7.
   147 | D        | Found a transporter.
   398 | D        | Entered arena 8.
   399 | D        | Found a transporter.
   405 | D        | Reached ****** piety under Wu Jian
   422 | D        | Got the +1 ring mail of the Tuna {rC+ Slay+6}
   529 | D        | Entered arena 9.
   529 | D        | Noticed a wolf spider
   529 | D        | Noticed a wolf spider
   529 | D        | Noticed a wolf spider
   530 | D        | Found a transporter.
   535 | D        | HP: 3/68 [wolf spider (1)]
   536 | D        | Killed a wolf spider
   536 | D        | Reached skill level 5 in Armour
   537 | D        | Killed a wolf spider
   539 | D        | Killed a wolf spider
   541 | D        | Got the +0 hat of Objectivity {rPois}
   559 | D        | Got the ring of the Raven {rN+ Int+6}
   700 | D        | Entered arena 10.
   701 | D        | Found a transporter.
   714 | D        | Got the +8 chain mail of Xacwypto {+Inv Regen+}
   725 | D        | Entered arena 11.
   725 | D        | Noticed a two-headed ogre
   725 | D        | Noticed a cyclops
   725 | D        | Noticed a two-headed ogre
   725 | D        | Noticed a two-headed ogre
   725 | D        | Noticed a two-headed ogre
   726 | D        | Found a transporter.
   731 | D        | Killed a two-headed ogre
   731 | D        | Killed a two-headed ogre
   731 | D        | Reached XP level 11. HP: 74/74 MP: 11/11
   731 | D        | Killed a two-headed ogre
   732 | D        | Killed a two-headed ogre
   745 | D        | Got the ring of Edghif {*Drain MP+9 Int+3 Dex+4 SInv}
   752 | D        | Got the Tome of Cankerous Calling
   759 | D        | Entered arena 12.
   761 | D        | Found a transporter.
   765 | D        | Reached skill level 10 in Long Blades
   773 | D        | Got the ring "Gestreat" {+Fly Str+2}
   798 | D        | Entered arena 13.
   798 | D        | Noticed an orc warlord
   799 | D        | Identified the +6 falchion "Umasyul" {flame, rPois rF+
                  | Str+7 Dex-2}
   799 | D        | Noticed an orc high priest
   799 | D        | Noticed an orc warlord
   799 | D        | Noticed an orc warlord
   801 | D        | Found a transporter.
   803 | D        | Killed an orc high priest
   804 | D        | Killed an orc warlord
   805 | D        | Killed an orc warlord
   805 | D        | Reached skill level 10 in Armour
   806 | D        | Killed an orc warlord
   806 | D        | Reached XP level 12. HP: 38/82 MP: 12/12
   966 | D        | Entered arena 14.
   968 | D        | Noticed a naga warrior
   968 | D        | Noticed a naga warrior
   969 | D        | Found a transporter.
   976 | D        | Reached skill level 15 in Dodging
   976 | D        | Killed a naga warrior
   982 | D        | Killed a naga warrior
   991 | D        | Got the Catalogue of Destructive Necromancy
  1092 | D        | Entered arena 15.
  1093 | D        | Noticed a spark wasp
  1093 | D        | Noticed an emperor scorpion
  1094 | D        | Noticed an entropy weaver
  1096 | D        | Found a transporter.
  1098 | D        | Killed a spark wasp
  1098 | D        | Killed an emperor scorpion
  1099 | D        | Killed an entropy weaver
  1284 | D        | Got the cursed +0 pair of gloves of Light {Int+5}
  1297 | D        | Entered arena 16.
  1298 | D        | Noticed an acid blob
  1299 | D        | Noticed a death ooze
  1299 | D        | Noticed an acid blob
  1299 | D        | Noticed a death ooze
  1300 | D        | Found the +8 longbow "Zephyr" {speed, Dex+3 SInv}
  1300 | D        | Found a transporter.
  1305 | D        | Killed a death ooze
  1305 | D        | Killed a death ooze
  1305 | D        | Reached XP level 13. HP: 113/114 MP: 13/13
  1306 | D        | Killed an acid blob
  1307 | D        | Killed an acid blob
  1307 | D        | Reached skill level 15 in Fighting
  1437 | D        | Entered arena 17.
  1441 | D        | Noticed an orc warlord
  1442 | D        | Found a transporter.
  1452 | D        | Killed an orc warlord
  1452 | D        | Reached skill level 15 in Long Blades
  1695 | D        | Got the +1 pair of boots of Prudence {rElec rC+ rN+}
  1714 | D        | Got the Disquisition on the Blaze
  1728 | D        | Got the Catalogue of Translocation
  1734 | D        | Got the ring "Giru" {rC+ MR+ Dex+3}
  1739 | D        | Entered arena 18.
  1743 | D        | Noticed a shadow dragon
  1744 | D        | Found a transporter.
  1752 | D        | Killed a shadow dragon
  1786 | D        | Entered arena 19.
  1787 | D        | Identified the +6 trident of the Endless Stars {flame, rF+
                  | rC+ SInv}
  1789 | D        | Identified the +1 falchion "Ogrebane" {slice, rElec Dex+2
                  | Stlth+}
  1789 | D        | Identified the +1 scale mail of Nigadyet {MR+ MP-9 Dex+3}
  1790 | D        | Noticed a vampire knight
  1790 | D        | Noticed an ancient lich
  1790 | D        | Noticed a lich
  1791 | D        | Found the +3 robe of Folly {Archmagi, MR-- Int+5}
  1791 | D        | Identified the ring "Opoer" {+Fly rF- rC+ MP+9 Int+4}
  1792 | D        | Found a transporter.
  1795 | D        | Killed a vampire knight
  1795 | D        | Killed a lich
  1795 | D        | Killed an ancient lich
  1795 | D        | Reached XP level 14. HP: 93/128 MP: 14/14
  1901 | D        | Got the ring "Leefi Aful" {+Inv MR+ Stlth-}
  1928 | D        | Entered arena 20.
  1928 | D        | Identified the +8 hand crossbow "Gaereot" {elec, *Corrode
                  | Str+4}
  1928 | D        | Identified the +4 chain mail of Intercession {rC+ MR+}
  1928 | D        | Noticed a vampire knight
  1940 | D        | Killed a vampire knight
  1940 | D        | Noticed a lich
  1941 | D        | Noticed a lich
  1941 | D        | Noticed a lich
  1945 | D        | Reached skill level 15 in Armour
  1946 | D        | Killed a lich
  1946 | D        | Killed a lich
  1947 | D        | Killed a lich
  1952 | D        | Found a transporter.
  2021 | D        | Got the Disquisition on Conjuration
  2030 | D        | Entered arena 21.
  2034 | D        | Noticed a deep elf sorcerer
  2035 | D        | Noticed a deep elf master archer
  2035 | D        | Noticed a deep elf master archer
  2035 | D        | Noticed a deep elf master archer
  2035 | D        | Noticed a deep elf master archer
  2036 | D        | Found the +5 demon whip "Spellbinder" {antimagic, MR+}
  2036 | D        | Noticed a deep elf master archer
  2036 | D        | Noticed a deep elf sorcerer
  2036 | D        | Noticed a deep elf elementalist
  2038 | D        | Found a transporter.
  2039 | D        | Killed a deep elf sorcerer
  2040 | D        | Reached skill level 1 in Unarmed Combat
  2040 | D        | Killed a deep elf master archer
  2040 | D        | Killed a deep elf master archer
  2040 | D        | Reached skill level 5 in Unarmed Combat
  2041 | D        | Killed a deep elf sorcerer
  2041 | D        | Reached XP level 15. HP: 136/139 MP: 15/15
  2041 | D        | Killed a deep elf master archer
  2041 | D        | Killed a deep elf master archer
  2041 | D        | Killed a deep elf master archer
  2170 | D        | Got the ring "Owkusm" {rC+ AC+3 Str-4 Int+7}
  2201 | D        | Got the ring "Nuarygu" {rC- Str+7 SInv}
  2204 | D        | Got the Almanac of Confrontation and Darkness
  2219 | D        | Entered arena 22.
  2223 | D        | Noticed a quicksilver dragon
  2223 | D        | Noticed an iron dragon
  2223 | D        | Noticed an iron dragon
  2223 | D        | Noticed a quicksilver dragon
  2224 | D        | Noticed an iron dragon
  2224 | D        | Noticed a quicksilver dragon
  2224 | D        | Noticed a quicksilver dragon
  2226 | D        | Noticed an iron dragon
  2226 | D        | Noticed a quicksilver dragon
  2226 | D        | Killed a quicksilver dragon
  2227 | D        | Found a transporter.
  2227 | D        | Killed a quicksilver dragon
  2227 | D        | Reached skill level 10 in Unarmed Combat
  2228 | D        | Killed a quicksilver dragon
  2228 | D        | Killed an iron dragon
  2228 | D        | Killed a quicksilver dragon
  2228 | D        | Killed an iron dragon
  2229 | D        | Killed an iron dragon
  2229 | D        | Killed a quicksilver dragon
  2235 | D        | Killed an iron dragon
  2368 | D        | Got Biuful's Grimoire of Creative Weightlessness
  2371 | D        | Got the Compendium of Frigorific Necromancy
  2386 | D        | Got the ring of Ulai {Str+4 Int+4}
  2416 | D        | Entered arena 23.
  2422 | D        | Noticed an acid blob
  2422 | D        | Noticed an acid blob
  2422 | D        | Noticed an azure jelly
  2425 | D        | Noticed an azure jelly
  2426 | D        | Found a transporter.
  2431 | D        | Killed an azure jelly
  2431 | D        | Reached XP level 16. HP: 117/152 MP: 16/16
  2432 | D        | Killed an acid blob
  2433 | D        | Killed an acid blob
  2535 | D        | Got the Disquisition on Glacial Ignition
  2538 | D        | Got the Almanac of Twisted Malediction
  2557 | D        | Got the +6 scale mail "Zinkaq" {rElec rF- MR++ Regen+}
  2572 | D        | Entered arena 24.
  2579 | D        | Found the +6 lightning scales {run, rElec}
  2580 | D        | Identified the +9 shortbow of Moral Flaws {freeze, rPois}
  2584 | D        | Found a transporter.
  2710 | D        | Got the Reference Book on Venom and the Voyage
  2754 | D        | Entered arena 25.
  2761 | D        | Noticed a shard shrike
  2761 | D        | Noticed a titan
  2761 | D        | Noticed a shard shrike
  2761 | D        | a glowing shapeshifter changed into a shard shrike
  2761 | D        | Noticed a juggernaut
  2761 | D        | a titan changed into a juggernaut
  2762 | D        | Noticed a juggernaut
  2762 | D        | Noticed a shard shrike
  2762 | D        | a glowing shapeshifter changed into a shard shrike
  2762 | D        | Noticed a storm dragon
  2762 | D        | a glowing shapeshifter changed into a storm dragon
  2762 | D        | Noticed a titan
  2762 | D        | a juggernaut changed into a titan
  2764 | D        | Noticed a golden dragon
  2764 | D        | Noticed a sphinx
  2765 | D        | Killed a shard shrike
  2765 | D        | Reached skill level 27 in Dodging
  2767 | D        | Found a transporter.
  2767 | D        | Noticed a shard shrike
  2767 | D        | Killed a shard shrike
  2767 | D        | Reached XP level 17. HP: 105/166 MP: 17/17
  2767 | D        | Found the +3 giant club "Skullcrusher" {speed, Str+7}
  2767 | D        | Noticed an acid blob
  2767 | D        | Noticed a shard shrike
  2767 | D        | Noticed a caustic shrike
  2767 | D        | Noticed a titan
  2768 | D        | Noticed a caustic shrike
  2768 | D        | Noticed a juggernaut
  2768 | D        | Noticed a titan
  2768 | D        | Noticed an iron giant
  2769 | D        | Noticed a titan
  2769 | D        | a juggernaut changed into a titan
  2769 | D        | Noticed an iron giant
  2769 | D        | a shadow dragon changed into an iron giant
  2770 | D        | Killed a caustic shrike
  2770 | D        | Killed a caustic shrike
  2770 | D        | Killed a titan
  2770 | D        | Killed a titan
  2770 | D        | an iron giant changed into an iron dragon
  2771 | D        | Killed an iron giant
  2772 | D        | Noticed a caustic shrike
  2773 | D        | Killed a titan
  2774 | D        | a caustic shrike changed into a shadow dragon
  2906 | D        | Got the amulet "Odinn" {Reflect -Tele Dex+2 SH+3 Stlth+}
  2915 | D        | Got the ring "Giyqeiz" {Ice *Drain rElec rN++ SInv}
  2937 | D        | Got the ring of Ceecirah {rPois rC+}
  2941 | D        | Got the Volume of Calling
  2953 | D        | Got the ring "Waeci" {+Fly rF+ SInv Stlth+}
  2968 | D        | Entered arena 26.
  2977 | D        | Noticed a deep elf blademaster
  2977 | D        | Noticed a deep elf blademaster
  2983 | D        | Noticed a deep elf master archer
  2983 | D        | Noticed a deep elf master archer
  2983 | D        | Noticed a deep elf master archer
  2983 | D        | Noticed a deep elf master archer
  2983 | D        | Noticed a deep elf master archer
  2983 | D        | Noticed a deep elf master archer
  2983 | D        | Noticed a deep elf blademaster
  2984 | D        | Noticed a deep elf blademaster
  2984 | D        | Noticed a deep elf master archer
  2984 | D        | Identified the cursed +1 great sword of Peril {flame, rF+}
  2985 | D        | Found a transporter.
  2985 | D        | Reached skill level 5 in Evocations
  2985 | D        | Found the +8 arc blade {discharge, rElec}
  2988 | D        | Killed a deep elf master archer
  2988 | D        | Killed a deep elf master archer
  2988 | D        | Reached skill level 10 in Evocations
  2991 | D        | Killed a deep elf master archer
  2994 | D        | Killed a deep elf master archer
  2994 | D        | Killed a deep elf blademaster
  2994 | D        | Killed a deep elf blademaster
  2995 | D        | Killed a deep elf blademaster
  2995 | D        | Reached XP level 18. HP: 164/180 MP: 18/28
  2999 | D        | Reached skill level 15 in Evocations
  3006 | D        | Reached skill level 27 in Fighting
  3103 | D        | Got the Tome of Creative Lightness
  3105 | D        | Got the Collected Works on Flamy Darkness
  3165 | D        | Got the Papyrus of Ice
  3292 | D        | Entered arena 27.
  3304 | D        | Found a transporter.
  3305 | D        | Found the +12 Vampire's Tooth {vamp}
  3305 | D        | Found the +10 zealot's sword {holy, *Rage rN+ EV+3}
  3309 | D        | Reached skill level 27 in Armour
  3311 | D        | Reached XP level 19. HP: 189/189 MP: 31/31
  3318 | D        | Reached skill level 27 in Long Blades
  3400 | D        | Got the ring "Xabuaf" {MP-9 Str+4 Int+5 Stlth-}
  3413 | D        | Got the Guide on the Arsonist and Attacks
  3428 | D        | Got Motrixkyo's Incunabulum of the Rocks
  3451 | D        | Got the ring of Discord {rF+ rN+ AC+3}
  3458 | D        | Got the +3 fire dragon scales of the Greedy {rF++ rC- rN+
                  | MR++}
  3477 | D        | Entered arena 28.
  3495 | D        | Found the ring of the Octopus King {AC+1 EV+1 Str+1 Int+1
                  | Dex+1 Stlth+}
  3496 | D        | Identified the +4 flail "Weulen" {drain, rPois}
  3497 | D        | Found a transporter.
  3501 | D        | Identified the ring "Xidyh" {Int+4 Stlth+}
  3521 | D        | Identified the ring "Zigaa" {rPois rC+ rN+ MP+9 Dex+3}
  3534 | D        | Reached skill level 27 in Evocations
  3534 | D        | Reached skill level 10 in Short Blades
  3641 | D        | Got Zenn's Almanac of the Ensnaring Traveller
  3729 | D        | Got the Orb of Zot
  3734 | D        | Escaped with the Orb!

Levels and vault maps discovered:
D:        sprint_v [room_start, room_1, room_2, room_3, room_4, room_5, room_6,
          room_7, room_8, room_9, room_10, room_11, room_12, room_13, room_14,
          room_15, room_16, room_17, room_18, room_19, room_20, room_21,
          room_22, room_23, room_24, room_25, room_26, room_27]

Skill      XL: |  1  2  3  4  5  6  7  8  9 10 11 12 13 14 15 16 17 18 19 |
---------------+----------------------------------------------------------+-----
Stealth        | 12 16 18 19 20 22 23 25 | 25.0
Fighting       | 7 9 10 11 12 14 17 19 21 24 26 27 | 27.0
Short Blades   | 8 9 12 | 12.5
Dodging        | 8 9 10 12 14 16 19 22 24 27 | 27.0
Long Blades    | 5 7 9 11 13 15 16 20 26 27 | 27.0
Armour         | 8 10 11 14 16 18 21 23 27 | 27.0
Unarmed Combat | 5 14 | 14.3
Evocations     | 13 16 27 | 27.0
Throwing       | |  1.5

Action                   |  1- 3 |  4- 6 |  7- 9 | 10-12 | 13-15 | 16-18 | 19-21 || total
-------------------------+-------+-------+-------+-------+-------+-------+-------++-------
Melee: Dagger            |     1 |       |    16 |    11 |       |       |       ||    28
       Double sword      |       |       |     3 |    71 |   109 |    92 |    24 ||   299
       Bite              |       |       |     1 |    12 |     6 |    27 |    21 ||    67
       Punch             |       |       |       |       |     1 |    17 |    17 ||    35
       Quick blade       |       |       |       |       |       |   145 |   168 ||   313
Invok: Lunge             |     1 |       |     7 |    19 |    23 |    33 |    18 ||   101
       Whirlwind         |       |       |    11 |    43 |    54 |    95 |    56 ||   259
       Serpent's Lash    |       |       |     1 |     7 |     7 |     4 |     1 ||    20
       Heavenly Storm    |       |       |       |     8 |     6 |     5 |     1 ||    20
 Abil: Exsanguinate      |     1 |       |       |     4 |     1 |       |       ||     6
       Revivify          |       |       |       |     5 |     1 |       |       ||     6
       Wall Jump         |       |       |       |     1 |       |       |       ||     1
       Evoke Invisibilit |       |       |       |       |       |       |     1 ||     1
  Use: Potion            |     4 |       |       |     7 |     3 |     7 |     4 ||    25
       Scroll            |       |       |       |       |     2 |     4 |     5 ||    11
 Stab: Sleeping          |     1 |       |    13 |       |       |       |       ||    14
       Distracted        |       |       |       |       |     1 |     1 |       ||     2
       Invisible         |       |       |       |       |       |       |     4 ||     4
Armor: Ring mail         |       |       |       |     3 |     7 |     8 |       ||    18
       Robe              |       |       |       |     1 |       |       |       ||     1
       Quicksilver drago |       |       |       |       |       |     2 |    27 ||    29
Dodge: Dodged            |       |       |     5 |    70 |    59 |    84 |   121 ||   339
Block: Other             |       |       |       |       |       |     3 |       ||     3
       Reflection        |       |       |       |       |       |     2 |       ||     2
       Rpst.: Double sword |       |       |     2 |    11 |    14 |    11 |     2 ||    40

Table legend:
 A = Non-vault XP
 B = Vault XP
 C = Vault XP percentage of total XP
 D = Non-vault monster count
 E = Vault monster count
 F = Vault count percentage of total count
                 A         B        C        D         E       F
            +---------+---------+-------+---------+---------+-------
      Total |     542 |  466849 |  99.9 |       2 |     521 |  99.6
            +---------+---------+-------+---------+---------+-------
          D |     542 |  466849 |  99.9 |       2 |     521 |  99.6
            +---------+---------+-------+---------+---------+-------
